Map: Blackpink LE

Players

terrasol

  • Race: Terran Terran
  • Spawn Location: 1:00

A.I. 1 (Very Hard) - Winner!

  • Race: Terran Terran
  • Spawn Location: 7:00

VOD

Have the link to the VOD?

Description

Time

  • Played on: Jan. 20, 2018, 10:27 a.m.
  • Length: 16:35
Show
View Real Time Build Order
Export as new Build Order

terrasol Terran 

Build Orders: Bio Tank 

Get SALT Encoding   

  12  0:01  SCV  
  13  0:13  SCV  
  14  0:18  Supply Depot  
  14  0:25  SCV  
  15  0:40  SCV  
  15  0:42  Barracks  
  16  0:52  SCV  
  16  0:54  Refinery  
  17  1:04  SCV  
  18  1:13  Supply Depot  
  18  1:16  SCV  
  19  1:29  Marine  
  19  1:31  Orbital Command  
  20  1:47  Marine  
  20  1:50  Refinery  
  21  1:58  Command Center  
  21  2:02  SCV  
  21  2:04  Marine  
  23  2:14  SCV  
  24  2:22  Marine  
  24  2:27  SCV  
  26  2:38  Bunker  
  26  2:39  SCV  
  27  2:47  Barracks Reactor  
  27  2:49  Factory  
  27  2:51  SCV  
  28  3:03  SCV  
  29  3:15  SCV  
  30  3:26  Orbital Command  
  30  3:27  SCV  
  30  3:31  Marine x2  
  33  3:36  Factory Tech Lab  
  33  3:39  SCV  
  34  3:45  Starport  
  34  3:49  Marine x2  
  34  3:51  SCV  
  40  3:55  Siege Tank  
  40  4:02  SCV  
  41  4:03  SCV  
  41  4:07  Marine x2  
  44  4:14  SCV  
  44  4:15  SCV  
  46  4:30  Barracks  
  46  4:40  Supply Depot  
  46  4:42  Supply Depot  
  46  4:44  Supply Depot  
  46  4:45  Supply Depot x2  
  46  4:47  Supply Depot  
  46  4:54  Starport Reactor  
  46  5:01  Marine x2, Siege Tank, SCV x2  
  53  5:13  SCV x2  
  55  5:19  Marine x2  
  57  5:22  Barracks x3  
  57  5:24  Barracks  
  57  5:25  SCV x2  
  59  5:33  Siege Tank  
  59  5:35  Medivac x2  
  66  5:37  Marine x2  
  68  5:47  SCV x2  
  70  5:54  Marine x2  
  72  5:59  SCV x2  
  74  6:04  Refinery x2  
  74  6:05  Medivac x2, Siege Tank  
  81  6:18  SCV  
  81  6:19  SCV  
  83  6:28  Barracks Tech Lab  
  83  6:31  SCV x2  
  85  6:37  Barracks Tech Lab  
  85  6:42  Barracks Tech Lab  
  85  6:45  SCV x2  
  85  6:46  Barracks Reactor  
  87  6:48  Marine, Marauder  
  87  6:49  Marine  
  91  6:56  Concussive Shells, Stimpack  
  91  6:57  SCV x2  
  93  7:06  Marine  
  94  7:15  Supply Depot  
  94  7:16  Supply Depot  
  94  7:17  Supply Depot x4  
  94  7:18  Supply Depot  
  94  7:20  Supply Depot  
  94  7:23  Supply Depot  
  94  7:25  Supply Depot  
  94  7:37  Marine x4, Marauder x2, Medivac, SCV x2, Siege Tank  
  94  7:38  Marauder, Combat Shields  
  111  7:49  SCV x2  
  113  7:55  Marine  
  108  8:09  Siege Tank  
  111  8:19  Marauder x2  
  117  8:20  Marine x4, Marauder  
  117  8:24  Medivac x2  
  125  8:37  Marine  
  126  8:41  Siege Tank  
  129  8:52  Marine x3, Marauder x3  
  138  8:57  Medivac  
  140  9:13  Marauder x3  
  140  9:14  Siege Tank  
  149  9:18  Marine x2  
  149  9:19  Marine x2  
  149  9:22  Medivac  
  155  9:34  Command Center  
  155  9:43  Command Center  
  155  9:44  Refinery  
  155  9:46  Refinery, Siege Tank  
  158  10:04  Marine x3, Marauder x3  
  158  10:05  Marine  
  168  10:08  Medivac x2  
  172  10:22  Marine, Refinery  
  172  10:23  Refinery  
  173  10:46  Medivac, Siege Tank  
  178  11:01  Supply Depot  
  178  11:03  Supply Depot  
  178  11:13  Supply Depot  
  178  11:23  SCV  
  179  11:26  Supply Depot  
  179  11:27  Supply Depot  
  179  11:35  SCV, Supply Depot  
  179  11:37  Supply Depot  
  184  11:40  Marauder x3  
  184  11:41  Marine x4  
  190  11:47  SCV  
  191  11:59  Marine, SCV  
  191  12:00  Engineering Bay  
  197  12:01  Marauder x3  
  197  12:02  Armory x2  
  197  12:04  Engineering Bay  
  197  12:05  Marine  
  200  12:42  Terran Infantry Armor Level 1, Terran Infantry Weapons Level 1  
  190  14:29  Marauder x3  
  190  14:30  Marine x2  
  190  14:31  Marine  
  165  14:33  Marine  
  165  14:36  Siege Tank  
  130  14:38  Medivac  
  130  14:39  Medivac  
  109  14:48  Marine x2  
  109  14:49  Marine  
  109  14:50  Marauder x3  
  109  14:51  Marine  
  109  15:06  Marine x3  
  112  15:08  Medivac, Siege Tank, Marine  
  112  15:09  Medivac  
  112  15:11  Marauder x2  
  112  15:12  Marauder  
  119  15:23  Marine  
  119  15:24  Marine x2  
  119  15:26  Marine  
  119  15:33  Marauder x3  
  116  15:38  Medivac  
  116  15:39  Medivac  
  116  15:40  Siege Tank  
  116  15:42  Marine  
  114  15:43  Marine x2  
  114  15:44  Marine  
  112  15:54  Marauder x3  
  101  16:00  Marine  
  101  16:01  Marine x2  
  101  16:02  Marine  
Show
View Real Time Build Order
Export as new Build Order

A.I. 1 (Very Hard) Terran - Winner!

Build Orders: MMM Bio 

Get SALT Encoding   

  12  0:00  SCV  
  13  0:13  SCV  
  14  0:18  Supply Depot  
  14  0:25  SCV  
  15  0:29  Refinery  
  15  0:40  SCV  
  16  0:46  Barracks  
  16  0:52  SCV  
  18  1:04  SCV  
  18  1:16  SCV  
  19  1:33  Orbital Command  
  19  1:34  Marine  
  19  1:36  Factory  
  19  1:37  Supply Depot  
  20  1:50  Barracks  
  20  1:52  Marine  
  21  1:58  SCV  
  22  2:10  Barracks Tech Lab  
  22  2:12  SCV  
  23  2:19  Hellion  
  23  2:20  Supply Depot  
  25  2:31  Concussive Shells  
  25  2:32  Marauder  
  27  2:38  Barracks Tech Lab  
  27  2:41  Hellion  
  29  2:45  SCV  
  30  2:53  Marauder  
  30  2:57  Marauder, Supply Depot  
  34  3:02  Hellion  
  36  3:15  Marauder  
  36  3:19  Marauder  
  40  3:24  Hellion, Supply Depot  
  42  3:36  Marauder  
  42  3:38  SCV  
  42  3:40  Marauder  
  47  3:47  Refinery  
  47  3:53  Stimpack  
  47  3:57  Marine  
  47  4:01  Marine  
  49  4:04  Supply Depot  
  49  4:09  SCV  
  50  4:15  Marauder  
  52  4:19  Marine  
  52  4:22  SCV  
  54  4:34  SCV  
  54  4:36  Marine  
  54  4:37  Barracks, Marauder  
  58  4:39  Supply Depot  
  58  4:54  Marine  
  58  4:56  Command Center  
  59  5:01  Marine  
  60  5:12  Marine  
  61  5:19  Marine  
  61  5:21  Starport  
  62  5:23  Barracks Reactor  
  62  5:30  Marauder  
  62  5:34  Supply Depot  
  64  5:37  Marine  
  65  5:48  Engineering Bay  
  65  5:51  Marine  
  65  5:55  Marauder  
  68  5:57  Medivac  
  68  6:00  Marine  
  68  6:03  Supply Depot  
  71  6:06  Marine  
  71  6:08  SCV  
  74  6:11  SCV  
  74  6:16  Terran Infantry Weapons Level 1  
  74  6:20  SCV  
  74  6:23  SCV  
  76  6:27  Medivac  
  76  6:29  Marine  
  76  6:31  Marine  
  80  6:33  SCV  
  80  6:35  SCV  
  82  6:43  Combat Shields  
  82  6:45  SCV  
  83  6:47  Marauder, SCV  
  86  6:57  SCV  
  86  6:59  Engineering Bay, SCV  
  88  7:09  SCV  
  88  7:11  Missile Turret  
  88  7:12  SCV  
  90  7:19  Missile Turret  
  90  7:21  SCV  
  91  7:23  Supply Depot  
  91  7:24  Terran Infantry Armor Level 1, SCV  
  92  7:31  Starport Reactor, Barracks  
  92  7:37  Marine, Orbital Command  
  92  7:39  Marine  
  92  7:40  Marine  
  92  7:42  Marine  
  96  7:48  Supply Depot  
  96  7:56  Marauder  
  96  8:00  Marine x2  
  96  8:01  Marine  
  75  8:07  Viking, Medivac  
  79  8:17  Marine x2  
  79  8:18  Marine  
  79  8:19  Marine  
  83  8:20  Liberator x2  
  83  8:21  Marine  
  84  8:35  Marine  
  84  8:36  Marine  
  84  8:37  Refinery  
  92  8:44  Refinery  
  92  8:46  Marine  
  93  8:49  Marine  
  93  8:50  Marine  
  93  8:53  Marine, Marauder  
  98  9:06  SCV  
  98  9:07  Missile Turret, SCV  
  98  9:09  Supply Depot  
  100  9:17  Marauder  
  100  9:18  SCV  
  100  9:20  Viking, Medivac  
  100  9:21  Marauder  
  109  9:33  Liberator, Supply Depot  
  109  9:41  Marauder  
  109  9:43  Marauder  
  113  9:47  Armory  
  113  9:50  Viking  
  118  9:58  Command Center  
  118  10:16  Supply Depot  
  118  10:17  Missile Turret  
  118  10:20  Viking  
  120  10:33  Viking  
  120  10:35  Terran Infantry Weapons Level 2  
  122  10:38  Missile Turret  
  122  10:40  Supply Depot  
  122  10:47  Factory  
  122  10:48  Hellion  
  124  10:50  Viking  
  126  11:04  Supply Depot  
  126  11:09  Factory Tech Lab  
  126  11:12  SCV  
  126  11:14  SCV  
  126  11:16  SCV  
  129  11:23  Refinery  
  129  11:24  SCV  
  130  11:27  Hellion, SCV  
  130  11:29  Infernal Pre-Igniter, SCV  
  130  11:31  Missile Turret  
  134  11:34  Missile Turret, Hellion  
  134  11:36  SCV  
  134  11:39  SCV  
  138  11:41  SCV  
  139  11:48  SCV  
  139  11:49  Hellion  
  139  11:51  SCV  
  139  11:53  SCV  
  144  11:56  Factory  
  144  12:00  Factory Tech Lab, SCV, Supply Depot  
  145  12:03  SCV  
  145  12:05  SCV  
  147  12:10  Siege Tank  
  147  12:12  SCV  
  147  12:15  SCV  
  152  12:17  SCV  
  152  12:18  Cyclone  
  156  12:23  Supply Depot  
  156  12:24  SCV  
  156  12:27  SCV  
  158  12:30  Orbital Command  
  158  12:39  Widow Mine  
  158  12:42  Missile Turret, Hellion  
  162  12:48  Supply Depot  
  162  12:50  Siege Tank  
  165  12:51  Terran Infantry Weapons Level 3  
  165  12:52  Refinery  
  165  12:57  Terran Vehicle Weapons Level 1  
  165  13:01  Hellion  
  165  13:04  Widow Mine  
  165  13:05  Missile Turret  
  169  13:14  Armory  
  169  13:16  Supply Depot  
  169  13:20  Command Center  
  169  13:22  Hellion, Widow Mine  
  169  13:25  Siege Tank  
  176  13:30  Starport  
  176  13:40  Missile Turret  
  176  13:43  Hellion  
  176  13:44  Widow Mine  
  180  13:56  Liberator  
  180  13:57  Cyclone  
  180  14:01  Terran Vehicle And Ship Armor Level 1  
  183  14:05  Siege Tank  
  183  14:07  Starport Tech Lab  
  189  14:19  Hellion  
  189  14:22  Marauder  
  189  14:23  Marine, Liberator  
  189  14:24  Marauder  
  193  14:25  Raven, Marine x2  
  193  14:29  Factory, Siege Tank  
  164  14:34  SCV x2  
  164  14:35  SCV x2  
  164  14:37  Hellion  
  160  14:39  Liberator  
  160  14:40  Marine  
  160  14:41  Hellion  
  160  14:42  Marine  
  160  14:43  Marine, Marauder  
  160  14:44  Marine, Refinery  
  171  14:46  SCV  
  171  14:48  SCV  
  171  14:49  Refinery, SCV  
  174  14:53  Missile Turret  
  174  14:54  Missile Turret  
  174  14:58  Marine, Siege Tank  
  181  15:00  Marine, Planetary Fortress  
  181  15:01  Marine, Hellion  
  181  15:02  Factory Tech Lab  
  181  15:03  Marauder  
  181  15:05  Marauder  
  189  15:08  Raven  
  189  15:13  Hellion  
  193  15:18  Command Center  
  193  15:21  Hellion  
  195  15:22  Siege Tank  
  195  15:24  Marauder  
  200  15:31  Hellion  
  200  15:32  High Capacity Fuel Tanks  
  200  15:34  Hellion  
  192  15:36  Marine x2  
  192  15:42  Siege Tank  
  167  15:46  Marauder  
  158  15:52  Marine  
  158  15:53  Marine, Hellion  
  158  15:55  Cyclone, Widow Mine  
  158  15:56  Marine  
  166  15:57  Marine  
  166  16:01  Missile Turret  
  166  16:02  Viking  
  169  16:06  Marine  
  169  16:10  Marine  
  173  16:12  Marine  
  173  16:17  Marine  
  178  16:32  Refinery  
Tags
 
Composition
Bio TankMMM Bio
Matchup
TvT
Race
Terran
Spawn Locations
Cross Positions
Add a new tag
Caveats
  • Supply blocks, unpowered buildings, or Contaminate may cause inaccurate times.
  • Supply counts are checked every 10 seconds.